 Dungeon Crawl Stone Soup version 0.31-a0-331-geda263f (webtiles) character file.

Game seed: 10365296519840819472

1 Dawnplanks the Trooper (level 1, 17/20 HPs)
             Began as a Minotaur Fighter on July 19, 2023.
             Quit the game on level 1 of the Dungeon.
             The game lasted 00:00:07 (45 turns).

Dawnplanks the Trooper (Minotaur Fighter)             Turns: 45, Time: 00:00:08

Health: 17/20      AC:  6    Str: 20    XL:     1   Next: 16%
Magic:  0/0        EV:  9    Int:  5    God:
Gold:   0          SH:  4    Dex:  9    Spells: 0/0 levels left

rFire   . . .        a - +0 flail
rCold   . . .        c - +0 buckler
rNeg    . . .        b - +0 scale mail
rPois   .            (helmet restricted)
rElec   .            (no cloak)
rCorr   .            (no gloves)
SInv    .            (no boots)
Will    .....        (no amulet) Stlth
                     (no ring)
HPRegen 0.23/turn    (no ring)
MPRegen 0.07/turn

%: no passive effects
@: no status effects
A: horns 2, retaliatory headbutt
a: no special abilities


You were on level 1 of the Dungeon.
You visited 1 branch of the dungeon, and saw 1 of its levels.

Inventory:

Hand Weapons
 a - a +0 flail (weapon)
Armour
 b - a +0 scale mail (worn)
 c - a +0 buckler (worn)
Potions
 d - a potion of might


   Skills:
 + Level 3.7 Fighting
 + Level 2.4 Maces & Flails
 + Level 3.6 Armour
 + Level 3.6 Shields


You couldn't memorise any spells.
You didn't know any spells.
Your spell library was empty.

Dungeon Overview and Level Annotations

Branches:
Dungeon (1/15)

Altars:


Innate Abilities, Weirdness & Mutations

You have a pair of horns on your head.
You reflexively headbutt those who attack you in melee.


Message History

Welcome, Dawnplanks the Minotaur Fighter.
The fabled Orb of Zot lies far below, as if waiting for you to find it.
Press ? for a list of commands and other information.
Found a staircase leading out of the dungeon.
There is a fountain of clear blue water here.
There is a fountain of clear blue water here.
There is a fountain of clear blue water here.
You open the door.
There is an open door here.
Found a stone staircase leading down.
You open the door.
A ball python comes into view.
The ball python hisses angrily.
Found a robe.
You closely miss the ball python. The ball python closely misses you.
The ball python grabs you. The ball python constricts you.
The ball python barely misses you. The ball python constricts you.
You barely miss the ball python. You block the ball python's attack.
The ball python constricts you. The ball python barely misses you.
The ball python constricts you.
You closely miss the ball python. Your headbutt misses the ball python.
The ball python bites you. The ball python constricts you.
You closely miss the ball python.
The ball python bites you but does no damage.
The ball python constricts you. The ball python closely misses you.
The ball python constricts you.
You sock the ball python!
You kill the ball python!
No target in view!
Are you sure you want to abandon this character and quit the game? (Confirm with "yes".)

#.. ##.###.## #.>
#...#...#.. #.#
#.⌠.#.⌠.#.⌠ # #.#
#...#...#.. #. #.#
##.###.###. #.. #.# #.#
#.# #. #...
#.####.###.###.
#....####..##...#...#..
#..[.†@.....'.⌠.#.⌠...<
#....########...#...#..
#... ########### #.. #.
.. #


There were no monsters in sight!

Vanquished Creatures
  A ball python (D:1)
1 creature vanquished.

Notes
Turn   | Place    | Note
-------+----------+-------------------------------------------
     0 | D:1      | Dawnplanks the Minotaur Fighter began the quest for the
                  | Orb.
     0 | D:1      | Reached XP level 1. HP: 19/19 MP: 0/0
    45 | D:1      | Quit the game

Illustrated notes

Levels and vault maps discovered:
D:1:      minmay_arrival_nine_rooms, layout_basic

Action                     || total
---------------------------++-------
  Melee: Flail             ||     5
 Armour: Scale mail        ||     1
  Dodge: Dodged            ||     4
  Block: Buckler           ||     1

Table legend: (Time is in decaauts)
 A = Elapsed time spent in this place.
 B = Non-inter-level travel time spent in this place.
 C = Inter-level travel time spent in this place.
 D = Time resting spent in this place.
 E = Time spent auto-exploring this place.
 F = Levels seen in this place.
 G = Mean time per level.
                   A        B        C        D        E       F      G
               +--------+--------+--------+--------+--------+-----+--------+
         Total |     46 |     46 |      0 |      0 |     38 |   1 |   46.0 |
       Dungeon |     46 |     46 |      0 |      0 |     38 |   1 |   46.0 |
               +--------+--------+--------+--------+--------+-----+--------+

Top non-repeatable levels by time:
     D:1: 46 daAuts
